Workbook

Sheet Research Budget Planner
C25: Budget
C26: Budget Item | D26: Price per unit | E26: Notes | F26: Actual Cost | G26: Percentage of cost
C27: Participation Incentives for students | D27: 10 | E27: for 400 students | F27: =D27*400 -> 4000 | G27: =Other2[[#This Row],[Actual Cost]]/Other2[[#Totals],[Actual Cost]] -> 0.16293279
C28: Researcher Salary | D28: 15 | E28: per hour | F28: =D28*3*5*4*8 -> 7200 | G28: =Other2[[#This Row],[Actual Cost]]/Other2[[#Totals],[Actual Cost]] -> 0.29327902
C29: Research Assistant Salary | D29: 10 | E29: per hour | F29: =D29*3*5*4*8*2 -> 9600 | G29: =Other2[[#This Row],[Actual Cost]]/Other2[[#Totals],[Actual Cost]] -> 0.3910387
C30: Computer Software | D30: 600 | E30: SPSS Advance | F30: =D30*3 -> 1800 | G30: =Other2[[#This Row],[Actual Cost]]/Other2[[#Totals],[Actual Cost]] -> 0.073319756
C31: Office Supplies | D31: 350 | E31: misc. | F31: =D31 -> 350 | G31: =Other2[[#This Row],[Actual Cost]]/Other2[[#Totals],[Actual Cost]] -> 0.014256619
C32: Office Space | D32: 200 | F32: =200*8 -> 1600 | G32: =Other2[[#This Row],[Actual Cost]]/Other2[[#Totals],[Actual Cost]] -> 0.065173116
C33: Total | F33: =SUM(Other2[Actual Cost]) -> 24550 | G33: 100%

Sheet Timeline
C27: Time (Academic Year 2014/15)
B28: Budget Items | C28: October | D28: November | E28: December | F28: January | G28: February | H28: March | I28: April | J28: May | K28: June | L28: Trend
B29: Participation Incentives for students | C29: 4000 | D29: 0 | E29: 0 | F29: 0 | G29: 0 | H29: 0 | I29: 0 | J29: 0 | K29: 0
B30: Researcher Salary | C30: =15*3*5*4 -> 900 | D30: =15*3*5*4 -> 900 | E30: 900 | F30: 900 | G30: 900 | H30: 900 | I30: 900 | J30: 900 | K30: 900
B31: Research Assistant Salary | C31: ='Research Budget Planner'!D29*2*3*5*4 -> 1200 | D31: 1200 | E31: ='Research Budget Planner'!D29*2*3*5*4 -> 1200 | F31: ='Research Budget Planner'!D29*2*3*5*4 -> 1200 | G31: ='Research Budget Planner'!D29*2*3*5*4 -> 1200 | H31: ='Research Budget Planner'!D29*2*3*5*4 -> 1200 | I31: ='Research Budget Planner'!D29*2*3*5*4 -> 1200 | J31: ='Research Budget Planner'!D29*2*3*5*4 -> 1200 | K31: ='Research Budget Planner'!D29*2*3*5*4 -> 1200
B32: Computer Software | C32: ='Research Budget Planner'!F30 -> 1800 | D32: 0 | E32: 0 | F32: 0 | G32: 0 | H32: 0 | I32: 0 | J32: 0 | K32: 0
B33: Office Supplies | C33: 175 | D33: 0 | E33: 0 | F33: 0 | G33: 175 | H33: 0 | I33: 0 | J33: 0 | K33: 0
B34: Office Space | C34: 200 | D34: 200 | E34: 200 | F34: 200 | G34: 200 | H34: 200 | I34: 200 | J34: 200 | K34: 200
B35: Total | C35: =SUM(Table3[October]) -> 8275 | D35: =SUM(Table3[November]) -> 2300 | E35: =SUM(Table3[December]) -> 2300 | F35: =SUM(Table3[[January ]]) -> 2300 | G35: =SUM(Table3[February]) -> 2475 | H35: =SUM(Table3[March]) -> 2300 | I35: =SUM(Table3[April]) -> 2300 | J35: =SUM(Table3[May]) -> 2300 | K35: =SUM(Table3[June]) -> 2300
